 Dungeon Crawl Stone Soup version 0.31-a0-221-gbddc013574 (webtiles) character file.

Game seed: 17639339064277154428

105 qw the Shooter (level 4, 0/26 HPs)
             Began as a Gargoyle Hexslinger on July 4, 2023.
             Slain by an orc priest
             ... wielding a +0 morningstar
              (8 damage)
             ... on level 3 of the Dungeon.
             The game lasted 00:00:45 (1724 turns).

qw the Shooter (Gargoyle Hexslinger)                Turns: 1724, Time: 00:00:46

Health: 0/26       AC:  5    Str: 12    XL:     4   Next: 83%
Magic:  5/5        EV: 12    Int: 13    God:
Gold:   51         SH:  0    Dex: 14    Spells: 4/5 levels left

rFire   . . .        Y - +1 sling
rCold   . . .        (no shield)
rNeg    + . .        c - +0 robe
rPois   inf          (no helmet)
rElec   +            (no cloak)
rCorr   .            (no gloves)
SInv    .            (no boots)
Will    .....        (no amulet)
Stlth   +            (no ring)
HPRegen 0.24/turn    (no ring)
MPRegen 0.09/turn

%: no passive effects
@: no status effects
A: sickness immunity, AC +3, negative energy resistance 1, electricity
resistance, torment resistance 1, petrification resistance
a: no special abilities


You were on level 3 of the Dungeon.
You visited 1 branch of the dungeon, and saw 3 of its levels.

You collected 51 gold pieces.


Innate Abilities, Weirdness & Mutations

You are immune to sickness and miasma.
Your stone body is resilient. (AC +3)
You are immune to poison.
You resist negative energy. (rN+)
You are resistant to electric shocks. (rElec)
You are resistant to unholy torment.
You are immune to petrification.


   Skills:
 - Level 2.0 Fighting
 + Level 4.5 Ranged Weapons
 - Level 1.5 Dodging
 - Level 1.0 Spellcasting
 - Level 2.6 Hexes


You had 4 spell levels left.
You knew the following spells:

 Your Spells              Type           Power      Damage    Failure   Level
a - Slow                  Hex            28%        N/A       10%         1

Your spell library contained the following spells:

 Spells                   Type           Power      Damage    Failure   Level
 Inner Flame              Hex/Fire       4%         N/A       43%         3
 Portal Projectile        Hex/Tloc       8%         N/A       43%         3
 Cause Fear               Hex            3%         N/A       67%         4

Inventory:

Hand Weapons
 Y - a +1 sling (weapon)
Armour
 c - a +0 robe (worn)
 f - a +0 ring mail
Scrolls
 a - a scroll of identify
Potions
 b - a potion of enlightenment {unknown}
 d - a potion of degeneration {unknown}
 e - 2 potions of curing {unknown}

Dungeon Overview and Level Annotations

Branches:
Dungeon (3/15)

Altars:


Message History

The bat moves out of view.
You start resting.
A bat is nearby!
You shoot a sling bullet. The sling bullet hits the bat.
You kill the bat!
You start resting.
HP restored.
f - a +0 ring mail
Items here: % ( ))).
Things that are here:
a +0 trident; an orc corpse An orc priest comes into view.
It is wielding a +0 morningstar.
You shoot a sling bullet.
The sling bullet hits the orc priest but does no damage.
You shoot a sling bullet.
The sling bullet barely misses the orc priest.
You shoot a sling bullet. The sling bullet hits the orc priest!
The orc priest is heavily wounded.
You shoot a sling bullet.
The sling bullet barely misses the orc priest.
The orc priest mumbles some strange prayers to Beogh against you.
Beogh smites you!
Ouch! That really hurt!
You shoot a sling bullet. The sling bullet hits the orc priest.
The orc priest is heavily wounded.
You shoot a sling bullet. The sling bullet hits the orc priest.
The orc priest is severely wounded.
You shoot a sling bullet.
The sling bullet completely misses the orc priest.
The orc priest hits you with a +0 morningstar.
The orc priest looks braver for a moment.
You shoot a sling bullet.
The sling bullet hits the orc priest but does no damage.
The orc priest is severely wounded.
The orc priest hits you with a +0 morningstar.
You shoot a sling bullet.
The sling bullet hits the orc priest but does no damage.
The orc priest is severely wounded.
The orc priest hits you with a +0 morningstar!
You die...

.........#
...##.##)..#
#.# #......#
#.# ####.#.#
#.# #.#.#
#.# #.#.#
#.# #.#:#
#o######)#.#
#@.....).#.#
#..#######.#
........#
#######.#
#.. ####


You could see an orc priest.

Vanquished Creatures
  3 gnolls (D:2)
  An adder (D:2)
  A worm (D:2)
  2 dart slugs
  4 orcs (D:3)
  8 bats
  An endoplasm (D:1)
  A giant cockroach (D:2)
  5 goblins
  4 hobgoblins
  5 jackals
  3 kobolds
  3 quokkas
  8 ball pythons
  2 frilled lizards (D:2)
  4 rats
55 creatures vanquished.

Notes
Turn   | Place    | Note
-------+----------+-------------------------------------------
     0 | D:1      | qw the Gargoyle Hexslinger began the quest for the Orb.
     0 | D:1      | Reached XP level 1. HP: 12/12 MP: 2/2
     0 | D:1      | 0 ||| qw: Version: 0.3-a-40-ge99b1a8
     0 | D:1      | 0 ||| qw: Game counter: 666
     0 | D:1      | 0 ||| qw: Melee chars always use a shield: true
     0 | D:1      | 0 ||| qw: God list: Okawaru
     0 | D:1      | 0 ||| qw: Allow faded altars: false
     0 | D:1      | 0 ||| qw: Do Orc after clearing Dungeon:15 true
     0 | D:1      | 0 ||| qw: Do second Lair branch before Depths: true
     0 | D:1      | 0 ||| qw: Lair rune preference: random
     0 | D:1      | 0 ||| qw: Goals: Normal
     0 | D:1      | 0 ||| PLANNING D:1-11
    89 | D:1      | Reached XP level 2. HP: 14/16 MP: 3/3
    89 | D:1      | 89 ||| FLEEEEING.
    90 | D:1      | 90 ||| FLEEEEING.
    91 | D:1      | 91 ||| FLEEEEING.
    92 | D:1      | 92 ||| FLEEEEING.
   118 | D:1      | Reached skill level 3 in Ranged Weapons
   843 | D:1      | 843 ||| READING 2 scrolls labelled RUBRIY SINOE.
   844 | D:1      | 844 ||| READING scroll labelled IFFIVV HADDE.
   848 | D:1      | 848 ||| DROPPING scroll of poison.
   877 | D:2      | Reached XP level 3. HP: 21/21 MP: 4/4
   929 | D:2      | 929 ||| FLEEEEING.
  1181 | D:2      | Reached XP level 4. HP: 26/26 MP: 5/5
  1208 | D:2      | Reached skill level 4 in Ranged Weapons
  1220 | D:2      | HP: 2/26 [gnoll/+0 whip (8)]
  1539 | D:2      | 1539 ||| DROPPING amulet of magic regeneration.
  1540 | D:2      | 1540 ||| DRINKING 2 fizzy yellow potions.
  1541 | D:2      | 1541 ||| DRINKING 2 black potions.
  1591 | D:2      | 1591 ||| DROPPING potion of magic.
  1592 | D:2      | 1592 ||| DROPPING potion of lignification.
  1662 | D:3      | 1662 ||| Stepping ~*~*~tactically~*~*~ (outnumbered).
  1664 | D:3      | 1664 ||| Stepping ~*~*~tactically~*~*~ (outnumbered).
  1724 | D:3      | Slain by an orc priest

Levels and vault maps discovered:
D:1:      minmay_arrival_wavy_path, layout_basic
D:2:      layout_rooms, minmay_misc_feat_hallway, minivault_14, st_stairs_7
D:3:      layout_loops_ring, general_overflow_altar, uniq_grinder, uniq_robin

Skill      XL: |  1  2  3  4 |
---------------+-------------+-----
Ranged Weapons | 3 4 |  4.5
Fighting       | 2 |  2.0
Dodging        | |  1.5
Spellcasting   | |  1.0
Hexes          | |  2.6

Action                     |  1- 3 |  4- 6 || total
---------------------------+-------+-------++-------
   Fire: Sling             |   124 |    75 ||   199
    Use: Scroll            |     2 |       ||     2
         Potion            |       |     2 ||     2
 Armour: Robe              |    27 |    16 ||    43
  Dodge: Dodged            |    41 |    40 ||    81

Table legend:
 A = Non-vault XP
 B = Vault XP
 C = Vault XP percentage of total XP
 D = Non-vault monster count
 E = Vault monster count
 F = Vault count percentage of total count
                 A         B        C        D         E       F
            +---------+---------+-------+---------+---------+-------
      Total |     150 |       1 |   0.7 |      54 |       1 |   1.8
            +---------+---------+-------+---------+---------+-------
        D:1 |      31 |       0 |   0.0 |      18 |       0 |   0.0
        D:2 |     102 |       1 |   1.0 |      29 |       1 |   3.3
        D:3 |      17 |       0 |   0.0 |       7 |       0 |   0.0
            +---------+---------+-------+---------+---------+-------
